 Dungeon Crawl Stone Soup version 0.27-a0-1154-gfdeffcb720 (webtiles) character file.

Game seed: 732659839857399701

252 robertstho the Skirmisher (level 5, -6/47 HPs)
             Began as a Draconian Berserker on May 14, 2021.
             Was a Believer of Trog.
             Killed from afar by Ijyb (10 damage)
             ... with a bolt of acid
             ... on level 4 of the Dungeon.
             The game lasted 00:03:55 (4096 turns).

robertstho the Skirmisher (Draconian Berserker)     Turns: 4096, Time: 00:03:56

Health: -6/47      AC:  1    Str: 20    XL:     5   Next: 89%
Magic:  5/5        EV: 12    Int:  8    God:    Trog [**....]
Gold:   128        SH: 11    Dex: 10    Spells: 4/4 levels left

rFire    + . .     SeeInvis .   a - +0 falchion
rCold    . . .     Faith    .   m - +0 tower shield
rNeg     . . .     Spirit   .   (armour unavailable)
rPois    .         Reflect  .   (helmet restricted)
rElec    .         Harm     .   (no cloak)
rCorr    .         Rampage  .   (no gloves)
Will     .....                  (no boots)
Stlth    ++........             (no amulet)
HPRegen  0.15/turn              k - +4 ring of evasion
MPRegen  0.09/turn              j - ring of protection from fire

@: corroded, on berserk cooldown, slowed, very slow
A: AC +5, unfitting armour, cold-blooded
a: Renounce Religion, Berserk, Trog's Hand


You were on level 4 of the Dungeon.
You worshipped Trog.
Trog was pleased with you.
You visited 1 branch of the dungeon, and saw 4 of its levels.

You collected 128 gold pieces.

Inventory:

Hand Weapons
 a - a +0 falchion (weapon)
Armour
 m - a +0 tower shield (worn)
Jewellery
 b - a ring of willpower
 f - a ring of fire
 j - a ring of protection from fire (right hand)
 k - a +4 ring of evasion (left hand)
Scrolls
 c - 2 scrolls of enchant armour {unknown}
 g - a scroll of blinking {unknown}
 h - a scroll of amnesia {unknown}
 i - a scroll of brand weapon {unknown}
 l - a scroll of teleportation {unknown}
 o - 3 scrolls of fog {unknown}
Potions
 d - 3 potions of flight
 e - 3 potions of curing
 n - a potion of attraction {unknown}


   Skills:
 * Level 4.4 Fighting
 + Level 4.3 Long Blades
 * Level 4.1 Dodging
 * Level 2.1 Stealth
 + Level 0.2 Shields


You had 4 spell levels left.
You didn't know any spells.
Your spell library was empty.

Dungeon Overview and Level Annotations

Branches:
Dungeon (4/15)
 Temple: D:4-7

Altars:

Annotations:
D:3 2 transporters
D:4 Ijyb


Innate Abilities, Weirdness & Mutations

Your plain brown scales are hard. (AC +5)
You cannot fit into any form of body armour.
You are cold-blooded and may be slowed by cold attacks.


Message History

You kill the hound!
Trog accepts your kill. You block Ijyb's attack.
You closely miss Ijyb. You block Ijyb's attack.
You closely miss Ijyb.
Your tail-slap misses Ijyb.
You block Ijyb's attack.
You closely miss Ijyb. You block Ijyb's attack.
You hit Ijyb. You tail-slap Ijyb.
Ijyb is moderately wounded.
You block Ijyb's attack.
You miss Ijyb.
Ijyb is moderately wounded.
Ijyb hits you with a +0 dagger.
You closely miss Ijyb.
Ijyb is moderately wounded.
Ijyb screams, "It's all mine!"
Ijyb hits you but does no damage.
You barely miss Ijyb.
Ijyb is moderately wounded.
Ijyb barely misses you.
You riposte.
You closely miss Ijyb.
Ijyb is moderately wounded.
You barely miss Ijyb.
Your tail-slap misses Ijyb.
Ijyb is moderately wounded.
Ijyb zaps a wand.
The bolt of acid hits you!! The acid corrodes you!
You are splashed with acid!
You closely miss Ijyb.
Your tail-slap misses Ijyb.
Ijyb is moderately wounded.
Ijyb zaps a wand.
The bolt of acid hits you!!
* * * LOW HITPOINT WARNING * * *
You are splashed with acid!
* * * LOW HITPOINT WARNING * * *
You block Ijyb's attack.
You barely miss Ijyb.
Ijyb is moderately wounded.
You are no longer berserk.
You are exhausted.
You feel yourself slow down. You block Ijyb's attack.
You hit Ijyb.
Ijyb is moderately wounded.
Ijyb closely misses you.
Ijyb zaps a wand.
The bolt of acid hits you!
You die...

..........#........
.................÷......
...............########.
...............# #.
#####.............# #.
#...#.............########.
...........................
#.# #....†......#.########.
#.# #....g@.....#..........
####.###...........#.########.
#.....##...........#..........
#)##..##########.###.#########
#.##..### #........# #
#.##....# ##.##.##.# # #
#.##....# #..#.##.# # #
#.##....# ##.#.##.# # #
#.##..### ##...##.# #


You could see Ijyb.

Vanquished Creatures
  A hound (D:4)
  An iguana (D:4)
  An orc wizard (D:3)
  6 adders
  An adder skeleton (D:4)
  2 worms (D:2)
  2 dart slugs
  3 orcs (D:3)
  8 ball pythons
  8 bats
  6 endoplasms
  2 giant cockroaches
  11 hobgoblins
  19 jackals
  5 quokkas
  3 frilled lizards
  2 goblins
  8 kobolds
  5 rats
94 creatures vanquished.

Notes
Turn   | Place    | Note
-------+----------+-------------------------------------------
     0 | D:1      | robertstho the Draconian Berserker began the quest for the
                  | Orb.
     0 | D:1      | Reached XP level 1. HP: 19/19 MP: 1/1
   208 | D:1      | Reached XP level 2. HP: 26/26 MP: 2/2
   220 | D:1      | Found a faded altar of an unknown god.
   631 | D:1      | Reached XP level 3. HP: 27/33 MP: 3/3
  1043 | D:2      | Reached skill level 1 in Stealth
  1260 | D:2      | Reached ** piety under Trog
  1642 | D:2      | Reached XP level 4. HP: 40/40 MP: 4/4
  2461 | D:3      | Found a transporter.
  2763 | D:3      | Reached XP level 5. HP: 46/46 MP: 5/5
  2824 | D:3      | Found a transporter.
  3633 | D:4      | Identified the +1 dagger "Noddugre" {vorpal, +Rage rC++
                  | rCorr Dex-4}
  4080 | D:4      | Noticed Ijyb
  4096 | D:4      | Killed from afar by Ijyb

Illustrated notes

Levels and vault maps discovered:
D:1:      lemuel_arrival_rhombus, layout_loops_ring,
          ebering_ecumenical_altar_hall
D:2:      layout_basic, wad_floor_pattern_untrapped, kennysheep_generic_room_7
D:3:      gammafunk_steamed_eel, layout_rooms, st_stairs_11
D:4:      layout_basic, grunt_ministairs_6,
          hangedman_abyss_or_decor_lesser_grid, corner_web_ring, uniq_ijyb

Skill      XL: |  1  2  3  4  5 |
---------------+----------------+-----
Dodging        | 3 4 |  4.1
Stealth        | 1 2 |  2.1
Fighting       | 4 |  4.4
Long Blades    | 4 |  4.3
Shields        | |  0.2

Action                   |  1- 3 |  4- 6 || total
-------------------------+-------+-------++-------
Melee: Falchion          |   113 |   167 ||   280
       Tailslap          |    15 |    24 ||    39
Invok: Berserk           |       |     5 ||     5
  Use: Scroll            |       |     3 ||     3
       Potion            |       |     2 ||     2
 Stab: Sleeping          |     3 |     4 ||     7
Armor: Skin              |    38 |    45 ||    83
Dodge: Dodged            |    87 |   144 ||   231
Block: Tower shield      |       |    43 ||    43
       Rpst.: Falchion   |    21 |    38 ||    59

Table legend: (Time is in decaauts)
 A = Elapsed time spent in this place.
 B = Non-inter-level travel time spent in this place.
 C = Inter-level travel time spent in this place.
 D = Time resting spent in this place.
 E = Time spent auto-exploring this place.
 F = Levels seen in this place.
 G = Mean time per level.
                   A        B        C        D        E       F      G
               +--------+--------+--------+--------+--------+-----+--------+
         Total |   4191 |   4098 |     93 |    255 |   3204 |   4 | 1047.8 |
       Dungeon |   4191 |   4098 |     93 |    255 |   3204 |   4 | 1047.8 |
               +--------+--------+--------+--------+--------+-----+--------+

Top non-repeatable levels by time:
     D:2: 1470 daAuts
     D:4: 999 daAuts
     D:1: 969 daAuts
     D:3: 751 daAuts
